Map: Torri del crepuscolo

Players

ELGAND - Winner!

  • Race: Terran Terran
  • League: Gold

Jhyrachy

  • Race: Zerg Zerg
  • League: Silver

VOD

Have the link to the VOD?

Description

Time

  • Played on: April 5, 2016, 9:46 a.m.
  • Length: 15:39
Show
View Real Time Build Order
Export as new Build Order

ELGAND Terran - Winner!

Build Orders: Mech 

Get SALT Encoding   

  12  0:01  SCV  
  13  0:13  SCV  
  14  0:18  Supply Depot  
  14  0:25  SCV  
  15  0:39  SCV  
  15  0:40  Barracks  
  16  0:46  Refinery  
  16  0:55  SCV  
  17  1:00  Refinery  
  17  1:07  SCV  
  18  1:19  SCV  
  19  1:27  Supply Depot  
  19  1:29  Reaper  
  19  1:32  Orbital Command  
  20  1:50  Factory  
  20  2:07  Marine  
  21  2:10  SCV  
  22  2:19  Command Center  
  22  2:23  SCV  
  23  2:30  Barracks Tech Lab  
  23  2:55  SCV  
  23  2:57  Marine  
  24  3:00  Factory Reactor  
  24  3:02  Starport  
  24  3:08  SCV  
  25  3:12  Armory  
  25  3:20  SCV  
  25  3:25  Refinery, Marine  
  27  3:28  Refinery  
  27  3:32  SCV  
  28  3:37  Orbital Command  
  28  3:40  Starport Tech Lab, Hellion  
  30  3:44  SCV  
  31  3:50  Factory  
  31  3:56  SCV  
  32  4:04  SCV  
  32  4:08  SCV  
  34  4:12  Hellion x2  
  34  4:14  Cloaking Field  
  34  4:16  SCV  
  39  4:21  Banshee  
  42  4:25  SCV  
  42  4:28  SCV  
  44  4:38  Hellion  
  46  4:51  Factory Tech Lab  
  43  5:08  Supply Depot  
  43  5:11  Supply Depot  
  43  5:15  Hellion  
  43  5:19  Factory  
  45  5:24  SCV  
  46  5:29  Banshee  
  46  5:30  Siege Tank, SCV  
  46  5:34  Supply Depot  
  53  5:36  SCV, Supply Depot  
  53  5:42  SCV, Hellion x2  
  59  5:49  Terran Vehicle Weapons Level 1  
  59  5:54  SCV x2  
  61  6:30  Banshee  
  61  6:32  Hellion x2  
  68  6:33  Siege Tank  
  68  6:34  Factory Tech Lab  
  68  6:37  SCV x2  
  68  6:39  Starport  
  73  6:47  Command Center  
  73  6:49  SCV  
  73  6:50  SCV  
  73  7:40  Siege Tank  
  73  7:41  Widow Mine  
  78  7:45  Starport Reactor  
  78  7:46  Factory  
  78  7:51  Supply Depot  
  78  7:55  Supply Depot  
  78  7:58  Siege Tank, Widow Mine, Banshee  
  83  8:03  Orbital Command  
  83  8:05  Terran Vehicle Weapons Level 2  
  86  8:13  Armory  
  86  8:16  SCV x2  
  88  8:21  Liberator x2  
  88  8:26  Engineering Bay  
  88  8:28  SCV x2  
  90  8:40  SCV  
  90  8:41  Banshee  
  97  8:43  Siege Tank  
  97  8:44  Siege Tank  
  97  8:45  Orbital Command  
  97  8:46  Hellion  
  108  8:53  Supply Depot  
  108  8:54  Missile Turret  
  108  8:55  Supply Depot  
  108  9:02  Factory Tech Lab  
  108  9:03  Missile Turret  
  108  9:15  Siege Tank, Hellion x2  
  108  9:16  Supply Depot  
  115  9:17  Fusion Core  
  115  9:18  Supply Depot  
  115  9:20  Building Armor  
  115  9:26  Refinery, SCV x2  
  115  9:27  Refinery, SCV  
  118  9:36  Hellion x3  
  126  9:38  SCV x2, Hellion  
  126  9:39  SCV  
  129  9:48  Hellion  
  129  9:50  SCV  
  132  9:57  Hellion x2  
  120  10:11  Siege Tank x3  
  120  10:13  Liberator x2  
  129  10:14  Terran Vehicle And Ship Armor Level 1  
  129  10:29  Hyperflight Rotors  
  129  10:31  Banshee  
  138  10:43  Siege Tank  
  141  11:05  Supply Depot  
  141  11:08  Command Center  
  141  11:10  Liberator  
  141  11:11  Supply Depot  
  141  11:14  Factory  
  141  11:15  Liberator  
  141  11:20  Factory  
  141  11:26  Banshee  
  141  11:30  Hellion  
  149  11:33  Hellion x2  
  156  11:46  Command Center  
  156  12:02  Liberator x2  
  156  12:20  Hellion x5  
  162  12:41  Hellion  
  164  12:45  Liberator  
  158  12:55  Terran Vehicle And Ship Armor Level 2, Terran Vehicle Weapons Level 3  
  158  12:58  Factory Tech Lab  
  158  13:00  Supply Depot  
  158  13:02  Siege Tank x2  
  158  13:03  Siege Tank, Supply Depot, Hellion  
  172  13:22  Hellion  
  172  13:25  Hellion  
  176  13:34  Hellion x2  
  176  13:35  Hellion  
  182  13:44  Hellion  
  182  13:46  Hellion  
  176  14:05  Hellion  
  176  14:06  Hellion x2  
  176  14:07  Hellion  
  158  14:48  Siege Tank x4  
  158  14:49  Hellion  
  158  14:50  Hellion  
Show
View Real Time Build Order
Export as new Build Order

Jhyrachy Zerg 

Build Orders: Hatch First 

Get SALT Encoding   

  12  0:01  Drone  
  13  0:12  Drone  
  14  0:18  Overlord  
  14  0:36  Drone x3  
  17  0:56  Drone  
  18  0:57  Hatchery  
  17  1:06  Drone  
  17  1:10  Extractor  
  17  1:11  Drone  
  18  1:23  Spawning Pool  
  17  1:27  Drone  
  18  1:36  Drone  
  19  1:42  Drone  
  20  1:56  Drone  
  21  2:04  Overlord  
  21  2:12  Queen x2  
  25  2:24  Zergling x2  
  25  2:27  Metabolic Boost  
  26  2:31  Zergling x6  
  28  2:38  Spine Crawler  
  26  2:49  Drone  
  26  3:02  Overlord x3  
  26  3:15  Drone  
  27  3:32  Baneling Nest  
  27  3:33  Drone  
  27  3:34  Drone x7  
  27  3:40  Queen  
  36  3:46  Zergling x2  
  36  3:47  Zergling x6  
  40  4:04  Drone  
  40  4:05  Drone x3  
  44  4:25  Baneling  
  44  4:26  Baneling x6  
  44  4:34  Hatchery  
  36  5:07  Roach Warren  
  36  5:09  Queen x2  
  39  5:22  Drone x2  
  39  5:23  Drone x3  
  39  5:27  Extractor  
  43  5:55  Roach x4  
  43  5:56  Roach x2  
  55  5:57  Zergling x4  
  55  5:58  Zergling x2  
  55  5:59  Overlord x3  
  58  6:26  Drone x7  
  58  6:27  Drone x8  
  73  6:43  Drone x3  
  76  6:47  Hatchery  
  71  6:55  Spore Crawler  
  65  7:04  Spore Crawler  
  60  7:40  Spore Crawler  
  59  7:45  Spore Crawler x2  
  59  7:47  Spore Crawler, Queen x3  
  62  8:00  Spore Crawler, Drone x2  
  62  8:01  Drone x6  
  62  8:02  Zergling x2  
  62  8:03  Zergling x12  
  76  8:08  Ravager x6  
  82  8:45  Roach x3  
  82  8:47  Overlord x3  
  82  8:48  Overlord  
  88  9:00  Evolution Chamber x2  
  86  9:11  Roach x4  
  86  9:12  Roach x13  
  86  9:13  Spore Crawler  
  86  9:14  Overlord  
  119  9:34  Ravager  
  119  9:35  Ravager x2  
  122  9:46  Extractor, Drone  
  122  9:47  Drone x2  
  123  10:11  Lair  
  123  10:17  Drone  
  123  10:18  Drone x3  
  123  10:21  Overlord x3  
  127  10:34  Extractor  
  127  10:35  Zerg Ground Armor Level 1, Zerg Missile Weapons Level 1  
  126  10:53  Spore Crawler  
  126  10:56  Drone x3  
  128  11:08  Extractor  
  128  11:09  Drone  
  128  11:10  Drone x2  
  130  11:14  Ravager x3  
  130  11:15  Ravager  
  134  11:31  Spire  
  133  11:38  Queen x4  
  141  11:47  Hatchery  
  141  11:52  Zergling x4  
  141  11:53  Zergling x4  
  144  12:14  Pneumatized Carapace  
  138  13:06  Mutalisk  
  138  13:07  Mutalisk x8  
  156  13:25  Roach Warren  
  155  13:29  Overlord x4  
  155  13:30  Overlord  
  134  14:24  Ravager  
  134  14:25  Ravager x11  
  134  14:26  Ravager  
  56  15:23  Spine Crawler  
  56  15:24  Spine Crawler  
Tags
 
Add a new tag
Caveats
  • Supply blocks, unpowered buildings, or Contaminate may cause inaccurate times.
  • Supply counts are checked every 10 seconds.